 Dungeon Crawl Stone Soup version 0.19.1 (webtiles) character file.

99419 JeffiDaFish the Peltast (level 16, -23/104 HPs)
             Began as a Gargoyle Fighter on Dec 19, 2016.
             Was the Champion of Makhleb.
             Shot with an arrow by a centaur warrior (27 damage)
             ... on level 15 of the Dungeon on Dec 21, 2016.
             The game lasted 00:56:36 (19772 turns).

JeffiDaFish the Peltast (Gargoyle Fighter)         Turns: 19772, Time: 00:56:37

Health: -23/104    AC:  0    Str: 23    XL:     16   Next: 25%
Magic:  26/26      EV: 16    Int: 10    God:    Makhleb [******]
Gold:   1352       SH:  4    Dex: 12    Spells: 2 memorised, 23 levels left

rFire  . . .     SeeInvis .     (weapon currently unavailable)
rCold  . . .     Gourm    .     (armour currently unavailable)
rNeg   + . .     Faith    .     (shield currently unavailable)
rPois  ∞         Spirit   .     (helmet currently unavailable)
rElec  .         Reflect  +     (cloak currently unavailable)
rCorr  .         Harm     .     (gloves currently unavailable)
MR     +....     Rnd*Rage +     (boots currently unavailable)
Stlth  +.........               K - +4 amulet of reflection
                                (ring currently unavailable)
                                (ring currently unavailable)

@: pig-form, flying, very slightly contaminated, very quick
A: (big wings), repulsion field 1, berserk 1, negative energy resistance 1,
(electricity resistance), (unbreathing), petrification resistance, rot immunity,
AC +11
a: Minor Destruction, Lesser Servant of Makhleb, Major Destruction, Greater
Servant of Makhleb, Renounce Religion


You were on level 15 of the Dungeon.
You worshipped Makhleb.
Makhleb was exalted by your worship.
You were not hungry.
You were a filthy swine.
You visited 3 branches of the dungeon, and saw 22 of its levels.
You visited the Abyss 1 time.
You also visited: Ice Cave.

You collected 1821 gold pieces.
You spent 469 gold pieces at shops.

Inventory:

Hand Weapons
 q - a +6 flail of protection (melded)
Armour
 b - a +0 plate armour (melded)
 e - a +8 large shield (melded)
 i - a +2 pair of gloves (melded)
 s - the +0 hat of Eternity (melded) {Str+4}
   (You found it on level 6 of the Lair of Beasts)

   It affects your strength (+4).
 u - the +0 pair of boots of Ohysk (melded) {Str+4}
   (You bought it in a shop on level 5 of the Dungeon)

   It affects your strength (+4).
 z - a +2 cloak (melded)
Jewellery
 j - a +5 ring of dexterity (melded)
 B - a +5 ring of dexterity (melded)
 K - a +4 amulet of reflection (around neck)
Wands
 C - a wand of flame (19/48)
Scrolls
 g - 12 scrolls of remove curse
 k - a scroll of summoning
 t - 4 scrolls of teleportation
 v - 2 scrolls of fog
 y - 3 scrolls of recharging
 D - 4 scrolls of fear
 F - a scroll of amnesia
 J - 2 scrolls of magic mapping
 L - a scroll of identify
Potions
 c - 4 potions of ambrosia
 l - 4 potions of agility
 n - a potion of cure mutation
 r - a potion of haste
 x - a potion of berserk rage
 A - 4 potions of curing
 H - a potion of invisibility
Books
 w - a book of Conjurations

   Spells                             Type                      Level
   a - Magic Dart                     Conjuration                  1
   b - Searing Ray                    Conjuration                  2
   c - Dazzling Spray                 Conjuration/Hexes            3
   d - Fulminant Prism                Conjuration/Hexes            4
   e - Iskenderun's Mystic Blast      Conjuration                  4
   f - Iskenderun's Battlesphere      Conjuration/Charms           5
 E - a book of Ice

   Spells                             Type                      Level
   a - Ice Form                       Ice/Transmutation            4
   b - Metabolic Englaciation         Hexes/Ice                    5
   c - Ozocubu's Refrigeration        Ice                          6
   d - Bolt of Cold                   Conjuration/Ice              6
   e - Freezing Cloud                 Conjuration/Ice/Air          6
   f - Simulacrum                     Ice/Necromancy               6
Miscellaneous
 a - a lamp of fire
Comestibles
 d - 2 chunks of flesh
 f - 8 bread rations
 h - 3 slices of pizza
 m - 11 meat rations
 o - 3 royal jellies
 p - 9 beef jerkies
 I - 37 fruits


   Skills:
 * Level 13.0 Fighting
 * Level 14.5 Maces & Flails
 * Level 13.4 Armour
 - Level 1.2 Dodging
 - Level 0.5 Stealth
 * Level 15.2 Shields
 + Level 6.7 Spellcasting
 + Level 7.6 Conjurations
 - Level 4.0 Necromancy


You had 23 spell levels left.
You knew the following spells:

 Your Spells              Type           Power        Failure   Level  Hunger
a - Animate Skeleton      Necr           N/A          4%          1    None
b - Iskenderun's Mystic   Conj           ###.....     12%         4    ####...


Dungeon Overview and Level Annotations

Branches:
Dungeon (15/15)            Temple (1/1) D:6            Lair (6/6) D:10
  Swamp (0/4) Lair:3        Snake (0/4) Lair:4        Slime (0/5) Lair:5
    Orc (0/2) D:11         Vaults (0/5) D:14         Depths (0/5) D:15

Altars:
Cheibriados
Dithmenos
Elyvilon
Fedhas
Gozag
Hepliaklqana
Kikubaaqudgha
Makhleb
Nemelex Xobeh
Okawaru
Qazlal
Ru
Sif Muna
Trog
Vehumet
Xom
Zin

Shops:
D:4 [*   D:5 *   D:6 *   D:7 [   D:10 :   D:12 [*   D:13 *   D:14 ?

Annotations:
D:5 Prince Ribbit
D:13 1 runed door
D:15 Kirke


Innate Abilities, Weirdness & Mutations

You are resistant to torment.
((Your stone body is resilient. (AC +11)))
You are immune to poison.
((Your large and strong wings let you fly indefinitely.))
You resist negative energy. (rN+)
((You are resistant to electric shocks. (rElec)))
((You can survive without breathing.))
You are immune to petrification.
You are immune to rotting.
You are surrounded by a mild repulsion field. (EV +2)
You tend to lose your temper in combat.


Message History

You are very lightly contaminated with residual magic.
As you read the scroll of blinking, it crumbles to dust.
As you read the scroll of teleportation, it crumbles to dust.
You feel strangely unstable.
You feel less exhausted. What are your orders? t - Squeal!
Orders for allies: a - Attack new target. r - Retreat! s - Stop attacking. g - Guard the area. f - Follow me.
Anything else - Cancel.
You squeal for attention!
The harpy claws you.
* * * LOW HITPOINT WARNING * * *
The harpy barely misses you.
The harpy screeches!
Your surroundings suddenly seem different.
The centaur warrior shouts!
The centaur warrior shoots an arrow.
The arrow hits you!!
You die...

#..... ..#.# #.#..)#.
.#..... ..#.# ###.....#.
.......##.#.# #...#..>#.
..........#.# ####.####.
......)...#.# #...#.....
..........#.# #.(...####
..........#<## #.))#.##..
.....c...<...# ###.......
.........h...# #)####.#
.######......######.#<.#.#
...............#.....#
#####..........#....##
#..........#...(#
#..../.[[..#....#
######.....#....#### .
#.....#........ ...
########.....#...#####


You could see a centaur warrior.

Vanquished Creatures
  A lich (Abyss:3)
  Rupert (Lair:3)
  A tentacled starspawn (Abyss:3)
  Louise (D:15)
  The ghost of archon2 the Destroyer, a journeyman DsFE of Vehumet (Lair:5)
  An ettin (D:15)
  Fannar (Lair:3)
  4 vault guards (D:14)
  7 hydras
  2 rakshasas (Abyss:3)
  5 catoblepae
  A centaur warrior (D:13)
  21 death yaks
  3 tengu warriors
  A hell knight (D:15)
  A glowing orange brain (Abyss:3)
  A wizard (D:14)
  An obsidian statue (D:13)
  The ghost of miniman03 the Covered, a novice DDFi (D:6)
  4 hill giants
  A deep elf archer (D:15)
  A necromancer (IceCv)
  A wolf spider zombie (D:13)
  3 cyclopes
  5 slime creatures
  A manticore (D:12)
  7 ugly things
  An ice statue (IceCv)
  2 gargoyles
  8 black mambas
  4 centaur zombies
  2 torpor snails (Lair:6)
  10 freezing wraiths (IceCv)
  14 spiny frogs
  6 komodo dragons
  4 kobold demonologists
  4 rime drakes
  An efreet (D:14)
  A redback zombie (D:15)
  A tengu conjurer (D:15)
  A polar bear (Lair:5)
  Grinder (D:5)
  3 trolls
  2 wolf spider simulacra (IceCv)
  A hornet (D:12)
  13 hippogriffs
  The ghost of UristMcSpriggan the Slasher, an amateur DsBe of Trog (D:5)
  A two-headed ogre (D:13)
  10 dream sheep
  An ice dragon zombie (Abyss:3)
  7 raiju
  A meliai zombie (D:12)
  25 blink frogs
  2 flying skulls (Abyss:3)
  A shadow (D:14)
  2 wyverns
  2 vampires
  A water elemental (Abyss:3)
  39 yaks
  5 starcursed masses (Abyss:3)
  3 hogs (D:15)
  2 basilisks
  A death yak simulacrum (IceCv)
  2 vampire mosquitoes (D:14)
  A chaos spawn (Abyss:3)
  5 insubstantial wisps (Lair:3)
  Edmund (D:5)
  Menkaure (D:5)
  2 mottled dragons (D:12)
  3 soldier ants
  17 water moccasins
  4 porcupines
  Duvessa (D:6)
  4 orc warriors
  13 ice beasts
  2 sky beasts
  A black bear (D:7)
  4 phantoms
  5 ogres
  An eye of draining (Abyss:3)
  A necrophage (D:12)
  4 centaurs
  15 crocodiles
  16 bullfrogs
  12 big kobolds
  Dowan (D:6)
  3 wyvern skeletons
  4 scorpions
  21 killer bees
  An elephant simulacrum (IceCv)
  4 howler monkeys
  8 crimson imps
  4 draconian simulacra (IceCv)
  A quasit (D:13)
  5 hounds
  5 jellies
  5 centaur skeletons
  4 orc priests
  Crazy Yiuf (D:7)
  An iron imp (Abyss:3)
  3 bullfrog skeletons
  5 iguanas
  15 orc wizards
  8 worker ants
  3 spriggan simulacra (IceCv)
  A troll simulacrum (IceCv)
  6 centaur simulacra (IceCv)
  A hound skeleton (D:6)
  A howler monkey zombie (D:10)
  A worker ant zombie (D:5)
  11 gnolls
  3 ogre simulacra (IceCv)
  16 adders
  3 naga simulacra (IceCv)
  A river rat (D:10)
  5 shadow imps
  12 white imps (IceCv)
  2 adder skeletons
  5 worms
  2 leopard geckos
  44 orcs
  6 giant cockroaches
  9 hobgoblins
  4 jackals (D:4)
  5 quokkas
  3 ball pythons
  6 bats
  4 frilled lizards
  3 goblins
  30 kobolds
  A quokka skeleton (D:4)
  12 rats
  3 bushes (D:13)
  6 plants
684 creatures vanquished.

Vanquished Creatures (others)
  A blink frog (Lair:6)
  11 fungi
  15 plants
  2 starspawn tentacles (Abyss:3)
29 creatures vanquished.

Grand Total: 713 creatures vanquished

Notes
Turn   | Place    | Note
-------+----------+-------------------------------------------
     0 | D:1      | JeffiDaFish the Gargoyle Fighter began the quest for the Orb.
     0 | D:1      | Reached XP level 1. HP: 14/14 MP: 1/1
    83 | D:1      | Reached XP level 2. HP: 14/19 MP: 2/2
   579 | D:2      | Reached XP level 3. HP: 23/23 MP: 3/3
  1070 | D:2      | Found a deep blue altar of Sif Muna.
  1252 | D:2      | Reached skill level 4 in Shields
  1442 | D:3      | Reached XP level 4. HP: 28/28 MP: 4/4
  1464 | D:3      | You fall through a shaft for 2 floors!
  1464 | D:5      | Entered Level 5 of the Dungeon
  1464 | D:5      | Noticed Edmund
  1482 | D:5      | Noticed UristMcSpriggan's ghost (amateur DsBe)
  1483 | D:5      | Killed Edmund
  1483 | D:5      | Reached XP level 5. HP: 32/33 MP: 5/5
  1496 | D:5      | Killed UristMcSpriggan's ghost
  1496 | D:5      | Reached skill level 5 in Maces & Flails
  1496 | D:5      | Reached XP level 6. HP: 23/39 MP: 6/6
  1605 | D:5      | Reached XP level 7. HP: 21/44 MP: 7/7
  1835 | D:5      | Noticed Prince Ribbit
  1841 | D:5      | Noticed Menkaure
  2433 | D:4      | Reached skill level 5 in Shields
  2611 | D:4      | Found an opulent altar of Gozag.
  2611 | D:4      | Found Gozag's Platinum Reserve.
  2617 | D:4      | Found Edur's Armour Shoppe.
  2640 | D:4      | Reached XP level 8. HP: 29/48 MP: 8/8
  2643 | D:4      | Reached skill level 5 in Armour
  2738 | D:4      | Found a sparkling altar of Nemelex Xobeh.
  3102 | D:5      | Noticed Grinder
  3107 | D:5      | Paralysed by Grinder for 4 turns
  3123 | D:5      | Paralysed by Grinder for 4 turns
  3140 | D:5      | Killed Grinder
  3140 | D:5      | Reached skill level 5 in Fighting
  3140 | D:5      | Reached skill level 6 in Shields
  3184 | D:5      | Found Qourph's Assorted Antiques.
  3187 | D:5      | Bought a pair of scorched boots for 199 gold pieces
  3192 | D:5      | Identified the +0 pair of boots of Ohysk {Str+4} (You bought it in a shop on level 5 of the Dungeon)
  3291 | D:5      | Killed Menkaure
  3456 | D:5      | Reached XP level 9. HP: 48/54 MP: 9/9
  3726 | D:6      | Found Cerijoing's Assorted Antiques.
  3836 | D:6      | Reached skill level 7 in Shields
  4088 | D:6      | Noticed miniman03's ghost (novice DDFi)
  4099 | D:6      | Killed miniman03's ghost
  4099 | D:6      | Reached skill level 1 in Dodging
  4099 | D:6      | Reached skill level 8 in Shields
  4109 | D:6      | Noticed Dowan
  4110 | D:6      | Noticed Duvessa
  4117 | D:6      | Killed Duvessa
  4127 | D:6      | Killed Dowan
  4145 | D:6      | Gained mutation: You tend to lose your temper in combat. [potion of mutation]
  4145 | D:6      | Gained mutation: You are clumsy. (Dex -2) [potion of mutation]
  4145 | D:6      | Gained mutation: You are surrounded by a mild repulsion field. (EV +2) [potion of mutation]
  4280 | D:6      | Found a staircase to the Ecumenical Temple.
  4290 | Temple   | Entered the Ecumenical Temple
  4313 | Temple   | Became a worshipper of Makhleb the Destroyer
  4615 | D:6      | Reached skill level 9 in Shields
  4947 | D:7      | Found Rasececs's Armour Shoppe.
  4952 | D:7      | Reached XP level 10. HP: 60/60 MP: 10/10
  5265 | D:7      | Reached * piety under Makhleb
  5702 | D:7      | Found a runed door.
  5706 | D:7      | Noticed Crazy Yiuf
  5716 | D:7      | Killed Crazy Yiuf
  5897 | D:8      | Reached skill level 10 in Maces & Flails
  5907 | D:8      | Reached skill level 10 in Shields
  5992 | D:8      | Found a radiant altar of Vehumet.
  6517 | D:9      | Gained mutation: Your muscles are strong. (Str +2) [potion of beneficial mutation]
  6523 | D:9      | Gained mutation: You are robust. (+10% HP) [potion of beneficial mutation]
  6793 | D:9      | Learned a level 1 spell: Animate Skeleton
  6948 | D:9      | Noticed a purple ugly thing
  6963 | D:9      | Killed a purple ugly thing
  7087 | D:10     | Entered Level 10 of the Dungeon
  7090 | D:10     | Noticed a hill giant
  7091 | D:10     | Reached ** piety under Makhleb
  7104 | D:10     | Killed a hill giant
  7104 | D:10     | Reached skill level 1 in Spellcasting
  7104 | D:10     | Reached skill level 1 in Necromancy
  7104 | D:10     | Reached XP level 11. HP: 23/72 MP: 12/12
  7419 | D:10     | Reached skill level 11 in Shields
  7444 | D:10     | Found Toenar's Book Shoppe.
  7560 | D:10     | Found a staircase to the Lair.
  7578 | Lair:1   | Entered Level 1 of the Lair of Beasts
  7588 | Lair:1   | Identified a scroll of acquirement
  7589 | Lair:1   | Got a fine longbow
  7647 | Lair:1   | Reached *** piety under Makhleb
  8551 | Lair:2   | Learned a level 4 spell: Iskenderun's Mystic Blast
  8612 | Lair:2   | Noticed a five-headed hydra
  8621 | Lair:2   | Killed a five-headed hydra
  8647 | Lair:2   | Reached skill level 1 in Conjurations
  8736 | Lair:2   | Reached XP level 12. HP: 68/81 MP: 16/16
  9371 | Lair:3   | Reached skill level 12 in Shields
  9376 | Lair:3   | Reached **** piety under Makhleb
  9395 | Lair:3   | Found a staircase to the Swamp.
  9463 | Lair:3   | Noticed a six-headed hydra
  9480 | Lair:3   | Killed a six-headed hydra
  9651 | Lair:3   | Noticed Rupert
  9672 | Lair:3   | Paralysed by Rupert for 4 turns
  9678 | Lair:3   | Killed Rupert
  9700 | Lair:3   | Noticed Fannar
  9758 | Lair:3   | Killed Fannar
  9758 | Lair:3   | Reached XP level 13. HP: 58/89 MP: 18/18
 10125 | Lair:4   | Reached skill level 10 in Armour
 10140 | Lair:4   | Found a frozen archway.
 10158 | IceCv    | Entered an ice cave
 10288 | IceCv    | Reached skill level 10 in Fighting
 10736 | IceCv    | Found an ancient bone altar of Kikubaaqudgha.
 10787 | IceCv    | Reached ***** piety under Makhleb
 11334 | Lair:4   | Reached skill level 13 in Shields
 11660 | Lair:4   | Found a staircase to the Snake Pit.
 12136 | Lair:5   | Noticed archon2's ghost (journeyman DsFE)
 12167 | Lair:5   | Killed archon2's ghost
 12194 | Lair:5   | Gained mutation: Your large and strong wings let you fly indefinitely. [Gargoyle growth]
 12194 | Lair:5   | Reached XP level 14. HP: 62/96 MP: 20/20
 12403 | Lair:5   | Reached skill level 5 in Conjurations
 12529 | Lair:5   | Found a staircase to the Slime Pits.
 12750 | Lair:6   | Entered Level 6 of the Lair of Beasts
 13042 | Lair:6   | Reached skill level 5 in Spellcasting
 13272 | Lair:6   | Reached ****** piety under Makhleb
 13294 | Lair:6   | Found a snail-covered altar of Cheibriados.
 13647 | Lair:6   | Reached skill level 14 in Shields
 13742 | Lair:6   | Got a faintly glowing platinum ring
 13744 | Lair:6   | Identified the ring "Paemnene" {rC+ Str+4 Int+4 Slay-3 SInv} (You found it on level 6 of the Lair of Beasts)
 13901 | Lair:6   | Reached XP level 15. HP: 105/105 MP: 23/23
 13948 | Lair:6   | Got an ichor-stained hat
 13954 | Lair:6   | Identified the +0 hat of Eternity {Str+4} (You found it on level 6 of the Lair of Beasts)
 14891 | D:11     | Found a staircase to the Orcish Mines.
 15431 | D:12     | Lost mutation: You are clumsy. (Dex -2) [potion of cure mutation]
 15431 | D:12     | Lost mutation: Your muscles are strong. (Str +2) [potion of cure mutation]
 15431 | D:12     | Lost mutation: You are robust. (+10% HP) [potion of cure mutation]
 15463 | D:12     | Found Pianiel's Antique Armour Emporium.
 15488 | D:12     | Found Jowk's General Store.
 16047 | D:13     | Found a glowing silver altar of Zin.
 16047 | D:13     | Found a runed door.
 16047 | D:13     | Noticed a daeva
 16048 | D:13     | Found Owipo's General Store.
 17875 | D:14     | Found Nyazun's Magic Scroll Shoppe.
 17914 | D:14     | Bought a scroll of enchant weapon for 90 gold pieces
 17914 | D:14     | Bought a scroll of enchant armour for 90 gold pieces
 17914 | D:14     | Bought a scroll of enchant armour for 90 gold pieces
 18022 | D:14     | Found a gate to the Vaults.
 18845 | D:15     | Entered Level 15 of the Dungeon
 19003 | D:15     | Reached skill level 15 in Shields
 19019 | D:15     | Found a staircase to the Depths.
 19023 | D:15     | Noticed Kirke
 19029 | D:15     | Noticed Louise
 19141 | D:15     | Cast into level 3 of the Abyss (Louise)
 19233 | Abyss:3  | Noticed a tentacled starspawn
 19244 | Abyss:3  | Killed a tentacled starspawn
 19248 | Abyss:3  | Reached XP level 16. HP: 103/103 MP: 12/25
 19378 | Abyss:3  | Noticed a lich
 19394 | Abyss:3  | Killed a lich
 19468 | D:15     | Escaped the Abyss
 19524 | D:15     | Killed Louise
 19769 | D:15     | HP: 3/104 [harpy[Kirke] (6)]
 19772 | D:15     | Shot with an arrow by a centaur warrior

Skill      XL: |  1  2  3  4  5  6  7  8  9 10 11 12 13 14 15 16 |
---------------+-------------------------------------------------+-----
Shields        | 4 5 6 9 10 11 12 13 14 15 | 15.2
Maces & Flails | 3 4 5 6 8 9 10 11 12 13 14 | 14.5
Fighting       | 4 5 6 8 9 10 11 12 13 | 13.0
Armour         | 4 5 7 8 9 11 12 13 | 13.4
Dodging        | 1 |  1.2
Spellcasting   | 1 2 3 4 5 6 |  6.7
Necromancy     | 1 2 3 4 |  4.0
Conjurations   | 1 3 4 6 7 |  7.6
Stealth        | |  0.5

Action                   |  1- 3 |  4- 6 |  7- 9 | 10-12 | 13-15 | 16-18 || total
-------------------------+-------+-------+-------+-------+-------+-------++-------
Melee: Flail             |   139 |    39 |   476 |   893 |  2052 |   196 ||  3795
       Unarmed           |       |       |       |       |       |     3 ||     3
 Abil: Fly               |       |       |       |       |     1 |       ||     1
  Use: Scroll            |     7 |       |     7 |    13 |    21 |     3 ||    51
       Potion            |     1 |     3 |     8 |     6 |     6 |       ||    24
 Stab: Invisible         |       |       |       |     5 |       |       ||     5
       Petrified         |       |       |       |       |     3 |       ||     3
       Petrifying        |       |       |       |       |     2 |       ||     2
  Eat: Chunk             |     2 |     1 |    12 |    14 |    30 |     2 ||    61
       Fruit             |       |       |       |     3 |     1 |       ||     4
       Royal jelly       |       |       |       |       |     2 |       ||     2
Armor: Chain mail        |    71 |    16 |     7 |       |       |       ||    94
       Scale mail        |     4 |       |       |       |       |       ||     4
       Plate armour      |       |       |   288 |   400 |   919 |    31 ||  1638
Dodge: Dodged            |    39 |     1 |    46 |   180 |   323 |    29 ||   618
Block: Shield            |    85 |    16 |     3 |       |       |       ||   104
       Large shield      |       |       |   408 |   888 |  2220 |   205 ||  3721
       Reflection        |       |       |       |       |     4 |     4 ||     8
       Other             |       |       |       |       |       |     1 ||     1
